 Dungeon Crawl Stone Soup version 0.19-a0-1008-g4c63d25 (webtiles) character file.

31 khekkus the Firebug (level 3, -1/19 HPs)
             Began as a Deep Elf Fire Elementalist on July 22, 2016.
             Slain by a gnoll
             ... wielding a +0 whip
              (8 damage)
             ... on level 1 of the Dungeon.
             The game lasted 00:04:53 (1167 turns).

khekkus the Firebug (Deep Elf Fire Elementalist)    Turns: 1167, Time: 00:04:53

Health: -1/19      AC:  2    Str:  6    XL:     3   Next: 7%
Magic:  8/9        EV: 13    Int: 19    God:
Gold:   46         SH:  0    Dex: 15    Spells: 3 memorised, 2 levels left

rFire  . . .     SeeInvis .     a - +3 short sword (drain)
rCold  . . .     Gourm    .     l - +0 robe
rNeg   . . .     Faith    .     (no shield)
rPois  .         Spirit   .     (no helmet)
rElec  .         Dismiss  .     (no cloak)
rCorr  .         Reflect  .     (no gloves)
SustAt .         Harm     .     (no boots)
MR     .....                    (no amulet)
Stlth  ++........               (no ring)
                                (no ring)

@: not resistant to hostile enchantments, unstealthy
A: no striking features
a: no special abilities


You were on level 1 of the Dungeon.
You were not hungry.

You visited 1 branch of the dungeon, and saw 2 of its levels.

You collected 46 gold pieces.

Inventory:

Hand Weapons
 a - a +3 short sword of draining (weapon)
Armour
 l - a +0 robe (worn)
Scrolls
 d - 2 scrolls of identify {unknown}
 e - 2 scrolls of fear {unknown}
 h - 2 scrolls of blinking {unknown}
 k - a scroll of remove curse {unknown}
 m - a scroll of noise {unknown}
Potions
 i - a potion of flight {unknown}
 j - a potion of ambrosia {unknown}
 n - a potion of agility {unknown}
Books
 b - a book of Flames

   Spells                             Type                      Level
   a - Flame Tongue                   Conjuration/Fire             1
   b - Throw Flame                    Conjuration/Fire             2
   c - Conjure Flame                  Conjuration/Fire             3
   d - Inner Flame                    Hexes/Fire                   3
   e - Sticky Flame                   Conjuration/Fire             4
   f - Fireball                       Conjuration/Fire             5
Comestibles
 c - 2 bread rations
 g - a meat ration


   Skills:
 - Level 2.4 Dodging
 - Level 2.4 Stealth
 - Level 3.0 Spellcasting
 + Level 2.4 Conjurations
 + Level 4.0 Fire Magic


You had 2 spell levels left.
You knew the following spells:

 Your Spells              Type           Power        Failure   Level  Hunger
a - Flame Tongue          Conj/Fire      ###..        6%          1    None
b - Throw Flame           Conj/Fire      ###...       10%         2    ##.....
c - Conjure Flame         Conj/Fire      ###.....     14%         3    ###....


Dungeon Overview and Level Annotations

Branches:
Dungeon (2/15)

Altars:


Message History

Eating a chunk of flesh.
You start eating the chunk of flesh.
You are feeling hungry.
You continue eating. x2
You finish eating.
This raw flesh tastes terrible.
You start resting.
HP restored.
You climb downwards.
The gnoll hits you with a whip!
There is a stone staircase leading up here.
The gnoll hits you with a whip.
You climb upwards.
There is a stone staircase leading down here.
Casting: Flame Tongue
Confirm with . or Enter, or press ? or * to list all spells.
Aiming: Flame Tongue
Press: ? - help, Shift-Dir - straight line, f - gnoll
Aim: a gnoll, wielding a whip The flame tongue hits the gnoll.
The gnoll is almost dead.
The gnoll hits you with a whip!
You die...

(..#### #..........#
...[..# ###.....####
#.....# #.....####
#(....# #........#
##....# #........#
......# ######........#
#.....####.....#'#)..(.#
#........#.....#g#.....#
.........'.....)@#.....#
##.#####.#...>.###.#####
...# ###'#########.#
.### #....# #.....# ..#
#....####.######## ..#
#....#..#........# ..#
#....#..#..#####.# .##
#....#..#......#.# .#
#####'##..#.####.#.#


You could see a gnoll.

Vanquished Creatures
  A worm (D:1)
  A dart slug (D:1)
  3 giant cockroaches
  5 goblins (D:1)
  3 hobgoblins
  3 bats (D:1)
  4 giant newts
  3 kobolds (D:1)
  4 rats
27 creatures vanquished.

Notes
Turn   | Place    | Note
-------+----------+-------------------------------------------
     0 | D:1      | khekkus the Deep Elf Fire Elementalist began the quest for the Orb.
     0 | D:1      | Reached XP level 1. HP: 10/10 MP: 6/6
   165 | D:1      | Reached XP level 2. HP: 15/15 MP: 1/8
   228 | D:1      | Learned a level 2 spell: Throw Flame
   859 | D:2      | Reached skill level 4 in Fire Magic
   907 | D:2      | Reached XP level 3. HP: 19/19 MP: 7/9
   912 | D:2      | Learned a level 3 spell: Conjure Flame
  1167 | D:1      | Slain by a gnoll

Vault maps used:
D:1:      ncdulo_halloftheorcs, minmay_pentomino_z2
D:2:      kennysheep_six_static_rooms, first_bread, grunt_pakellas_mercury

Skill      XL: |  1  2 |
---------------+-------+-----
Conjurations   | 2 |  2.4
Fire Magic     | 4 |  4.0
Dodging        | |  2.4
Stealth        | |  2.4
Spellcasting   | |  3.0

Action                   || total
-------------------------++-------
Melee: Short sword       ||     9
       Unarmed           ||     5
       Dagger            ||     1
 Cast: Flame Tongue      ||    42
 Stab: Sleeping          ||     5
  Eat: Chunk             ||     1
Armor: Robe              ||     9
Dodge: Dodged            ||    19
